 Dungeon Crawl Stone Soup version 0.30-a0-672-gc3a7216ad8 (webtiles) character file.

Game seed: 5835791993150357555

4 Newt the Shooter (level 1, 0/12 HPs)
             Began as a Kobold Hunter on Jan 18, 2023.
             Slain by a goblin
             ... wielding a +0 club
              (4 damage)
             ... on level 1 of the Dungeon.
             The game lasted 00:00:11 (73 turns).

Newt the Shooter (Kobold Hunter)                      Turns: 73, Time: 00:00:12

Health: 0/12       AC:  3    Str:  8    XL:     1   Next: 66%
Magic:  1/1        EV: 14    Int: 10    God:
Gold:   0          SH:  0    Dex: 18    Spells: 0/0 levels left

rFire   . . .      SeeInvis .    a - +0 shortbow
rCold   . . .      Faith    .    (shield currently unavailable)
rNeg    . . .      Spirit   .    c - +0 leather armour
rPois   .          Reflect  .    (no helmet)
rElec   .          Harm     .    (no cloak)
rCorr   .          Rampage  .    (no gloves)
Will    .....                    (no boots)
Stlth   +++                      (no amulet)
HPRegen 0.22/turn                (no ring)
MPRegen 0.07/turn                (no ring)

@: no status effects
A: small, no large weapons, nightstalker 3
a: no special abilities


You were on level 1 of the Dungeon.
You visited 1 branch of the dungeon, and saw 1 of its levels.

Inventory:

Hand Weapons
 a - a +0 shortbow (weapon)
Armour
 c - a +0 leather armour (worn)
Scrolls
 b - a scroll of immolation


   Skills:
 - Level 2.1 Fighting
 - Level 5.3 Ranged Weapons
 - Level 2.4 Dodging
 + Level 2.3 Stealth


You couldn't memorise any spells.
You didn't know any spells.
Your spell library was empty.

Dungeon Overview and Level Annotations

Branches:
Dungeon (1/15)

Altars:


Innate Abilities, Weirdness & Mutations

You are small and have problems with some larger weapons.
You are completely attuned to the shadows.


Message History

No target in view!
No target in view!
Found a mace.
A frilled lizard comes into view.
You shoot an arrow. The arrow hits the frilled lizard.
You kill the frilled lizard!
You hear a shout!
You hear an angry hiss. x2; You hear a shout!
Your Stealth skill increases to level 2!
No target in view!
No target in view!
A frilled lizard and a goblin come into view.
The frilled lizard hisses angrily.
The goblin shouts!
There are monsters nearby!
You shoot an arrow.
The arrow closely misses the frilled lizard.
A frilled lizard comes into view.
You shoot an arrow. The arrow misses the frilled lizard.
A frilled lizard comes into view. x2
The frilled lizard closely misses you.
You shoot an arrow. The arrow hits the frilled lizard.
You kill the frilled lizard!
The goblin closely misses you.
You shoot an arrow.
The arrow hits the frilled lizard but does no damage.
The goblin hits you with a +0 club.
The frilled lizard bites you but does no damage.
The goblin hits you with a +0 club.
You shoot an arrow. The arrow hits the frilled lizard!
You kill the frilled lizard!
The goblin hits you with a +0 club. The frilled lizard closely misses you.
You are too injured to fight recklessly!
You are too injured to fight recklessly!
You are too injured to fight recklessly!
You are too injured to fight recklessly!
Unknown command.
The goblin attacks as you move away! The goblin hits you with a +0 club.
The goblin attacks as you move away! The goblin closely misses you.
The goblin attacks as you move away! The goblin barely misses you.
The goblin attacks as you move away! The goblin hits you with a +0 club.
You die...

#. #. ~~†.##.#.....
#. ~~..#....... #.
.......#.#.# ####.
...†#..#.#.# #.#
..... #..l.l...# #.#
####.
....##.#g######.#
........ #.#.
#.#.@....#.###..####.
# #.
#.#.###..............
.. ###)#
##.#.###..####. #.#
#.#.#......... ###
#.#...#..#####
#.#.###..# #.#......#
#####.## #.#


You could see a goblin and a frilled lizard.

Vanquished Creatures
  A kobold (D:1)
  A ball python (D:1)
  3 frilled lizards (D:1)
5 creatures vanquished.

Notes
Turn   | Place    | Note
-------+----------+-------------------------------------------
     0 | D:1      | Newt the Kobold Hunter began the quest for the Orb.
     0 | D:1      | Reached XP level 1. HP: 12/12 MP: 1/1
    73 | D:1      | Slain by a goblin

Illustrated notes

Levels and vault maps discovered:
D:1:      dpeg_arrival_lava_altar, layout_basic, ebering_ecumenical_altar_webs,
          minmay_lizard_pond

Skill      XL: |  1 |
---------------+----+-----
Stealth        | 2 |  2.3
Fighting       | |  2.1
Ranged Weapons | |  5.3
Dodging        | |  2.4

Action                   || total
-------------------------++-------
 Fire: Shortbow          ||    10
Armor: Leather armour    ||     1
Dodge: Dodged            ||     5

Table legend: (Time is in decaauts)
 A = Elapsed time spent in this place.
 B = Non-inter-level travel time spent in this place.
 C = Inter-level travel time spent in this place.
 D = Time resting spent in this place.
 E = Time spent auto-exploring this place.
 F = Levels seen in this place.
 G = Mean time per level.
                   A        B        C        D        E       F      G
               +--------+--------+--------+--------+--------+-----+--------+
         Total |     76 |     76 |      0 |      0 |     53 |   1 |   76.0 |
       Dungeon |     76 |     76 |      0 |      0 |     53 |   1 |   76.0 |
               +--------+--------+--------+--------+--------+-----+--------+

Top non-repeatable levels by time:
     D:1: 76 daAuts
